 Dungeon Crawl Stone Soup version 0.21.1-1-g345015f (webtiles) character file.

107 Fang the Skirmisher (level 4, 0/29 HPs)
             Began as a Gargoyle Berserker on June 15, 2018.
             Was a Believer of Trog.
             Slain by a hobgoblin
             ... wielding a +0 club
              (2 damage)
             ... on level 3 of the Dungeon.
             The game lasted 00:02:21 (2412 turns).

Fang the Skirmisher (Gargoyle Berserker)            Turns: 2412, Time: 00:02:22

Health: 0/29       AC:  6    Str: 22    XL:     4   Next: 86%
Magic:  4/4        EV: 12    Int:  7    God:    Trog [**....]
Gold:   140        SH:  0    Dex:  9    Spells: 3/3 levels left

rFire    . . .     SeeInvis .   a - +0 hand axe
rCold    . . .     Gourm    .   (no shield)
rNeg     + . .     Faith    +   d - +0 leather armour (curse)
rPois    ∞         Spirit   .   (no helmet)
rElec    +         Reflect  .   (no cloak)
rCorr    +         Harm     .   (no gloves)
MR       .....                  (no boots)
Stlth    +.........             g - amulet of faith
HPRegen  0.09/turn              h - ring of resist corrosion
MPRegen  0.09/turn              (no ring)

@: berserk cooldown, slowed, very slow
A: negative energy resistance 1, electricity resistance, unbreathing,
petrification resistance, rot immunity, AC +3
a: Berserk, Trog's Hand, Burn Spellbooks, Renounce Religion


You were on level 3 of the Dungeon.
You worshipped Trog.
Trog was pleased with you.
You were near starving.

You visited 1 branch of the dungeon, and saw 3 of its levels.

You collected 140 gold pieces.

Inventory:

Hand Weapons
 a - a +0 hand axe (weapon)
Armour
 b - a +0 animal skin
 d - a cursed +0 leather armour (worn)
Jewellery
 g - an amulet of faith (around neck)
 h - a ring of resist corrosion (left hand)
 j - an uncursed amulet of harm {unknown}
Scrolls
 e - 4 scrolls of identify {unknown}
 f - 3 scrolls of teleportation {unknown}
 l - 2 scrolls of blinking {unknown}
 n - a scroll of fear {unknown}
Potions
 i - a potion of agility {unknown}
 k - a potion of mutation {unknown}
 m - a potion of curing {unknown}
Comestibles
 c - 6 rations


   Skills:
 + Level 4.1 Fighting
 + Level 3.8 Axes
 + Level 2.5 Armour
 + Level 2.2 Dodging


You had 3 spell levels left.
You didn't know any spells.

Dungeon Overview and Level Annotations

Branches:
Dungeon (3/15)

Altars:
Qazlal


Innate Abilities, Weirdness & Mutations

You are resistant to torment.
Your stone body is resilient. (AC +3)
You are immune to poison.
You resist negative energy. (rN+)
You are resistant to electric shocks. (rElec)
You can survive without breathing.
You are immune to petrification.
You are immune to rotting.


Message History

You hit the river rat.
You kill the river rat!
Trog accepts your kill.
You see here a river rat corpse.
You enter the shallow water.
Moving in this stuff is going to be slow.
You feel a strong urge to attack something.
A worm comes into view.
A hobgoblin comes into view. It is wielding a club.
You are no longer berserk.
You are exhausted.
You feel yourself slow down.
The hobgoblin shouts!
You hear a shout! x2
A hobgoblin comes into view.
The hobgoblin hits you with a club.
* * * LOW HITPOINT WARNING * * *
The worm barely misses you.
You hit the hobgoblin but do no damage. You closely miss the hobgoblin.
You barely miss the worm. The hobgoblin hits you with a club.
You die...

.... #......... .....#
#......... ...).#
#.........
######+#.#.#########....
...................†....
........................
........................
......g.≈..†....(.......
......g@≈≈≈†≈...........
....####w#≈#≈≈..........
. ≈≈≈≈≈≈≈≈..........
#≈########.......... #
#.......... #..........
#.......... #..........


You could see a worm and 2 hobgoblins.

Vanquished Creatures
  2 adders (D:2)
  2 river rats (D:3)
  2 worms (D:2)
  5 dart slugs
  An orc (D:3)
  7 bats
  A giant cockroach (D:2)
  6 goblins
  9 hobgoblins
  4 jackals (D:2)
  8 kobolds
  A frilled lizard (D:1)
  7 rats
55 creatures vanquished.

Notes
Turn   | Place    | Note
-------+----------+-------------------------------------------
     0 | D:1      | Fang the Gargoyle Berserker began the quest for the Orb.
     0 | D:1      | Reached XP level 1. HP: 14/14 MP: 1/1
   185 | D:1      | Reached XP level 2. HP: 19/19 MP: 2/2
   561 | D:1      | Reached ** piety under Trog
   650 | D:1      | Reached XP level 3. HP: 22/24 MP: 3/3
  1172 | D:2      | Found a stormy altar of Qazlal.
  1417 | D:2      | Reached skill level 4 in Fighting
  1417 | D:2      | Reached XP level 4. HP: 29/29 MP: 4/4
  2088 | D:2      | Found a faded altar of an unknown god.
  2412 | D:3      | Slain by a hobgoblin

Skill      XL: |  1  2  3 |
---------------+----------+-----
Axes           | 3 |  3.8
Dodging        | 2 |  2.2
Fighting       | 4 |  4.1
Armour         | |  2.5

Action                   |  1- 3 |  4- 6 || total
-------------------------+-------+-------++-------
Melee: Hand axe          |   108 |    85 ||   193
Invok: Berserk           |     1 |     2 ||     3
  Eat: Chunk             |     2 |     4 ||     6
Armor: Leather armour    |    39 |    29 ||    68
Dodge: Dodged            |    86 |    56 ||   142
